 Dungeon Crawl Stone Soup version 0.31-a0-263-ge8cad7f256 (webtiles) character file.

Game seed: 1922275316544436947

1138 Iniera the Magician (level 8, -4/44 HPs)
             Began as a Deep Elf Venom Mage on July 14, 2023.
             Slain by a kobold brigand
             ... wielding a +4 whip of freezing
              (9 damage)
             ... on level 6 of the Dungeon.
             The game lasted 00:08:23 (5336 turns).

Iniera the Magician (Deep Elf Venom Mage)           Turns: 5336, Time: 00:08:24

Health: -4/44      AC:  8    Str:  5    XL:     8   Next: 14%
Magic:  4/18       EV: 18    Int: 23    God:
Gold:   188        SH:  0    Dex: 15    Spells: 6/18 levels left

rFire   . . .        q - +4 falchion
rCold   . . .        (no shield)
rNeg    . . .        a - +0 robe
rPois   +            m - +1 helmet
rElec   .            (no cloak)
rCorr   .            r - +0 pair of gloves
SInv    .            g - +2 pair of boots
Will    .....        f - amulet of regeneration
Stlth   +            d - +5 ring of evasion
HPRegen 1.07/turn    k - ring of poison resistance
MPRegen 0.16/turn

%: no passive effects
@: confused
A: no striking features
a: no special abilities


You were on level 6 of the Dungeon.
You visited 1 branch of the dungeon, and saw 6 of its levels.

You collected 188 gold pieces.

Inventory:

Hand Weapons
 q - a +4 falchion (weapon)
Armour
 a - a +0 robe (worn)
 g - a +2 pair of boots (worn)
 m - a +1 helmet (worn)
 r - a +0 pair of gloves (worn)
Jewellery
 d - a +5 ring of evasion (left hand)
 f - an amulet of regeneration (around neck)
 k - a ring of poison resistance (right hand)
Wands
 t - a wand of paralysis (5)
Scrolls
 c - a scroll of poison {unknown}
 h - a scroll of blinking {unknown}
 i - 2 scrolls of teleportation
 j - a scroll of fear
 l - 2 scrolls of vulnerability
Potions
 b - 2 potions of magic
 e - a potion of mutation
 o - a potion of ambrosia {unknown}
 p - a potion of berserk rage {unknown}
 s - a potion of enlightenment {unknown}
 u - a potion of curing {unknown}


   Skills:
 + Level 2.1 Fighting
 - Level 3.1 Dodging
 + Level 5.3 Stealth
 + Level 5.6 Spellcasting
 + Level 3.6 Conjurations
 - Level 1.1 Transmutations
 * Level 4.3 Fire Magic
 + Level 3.1 Air Magic
 + Level 5.0 Poison Magic


You had 6 spell levels left.
You knew the following spells:

 Your Spells              Type           Power      Damage    Failure   Level
a - Ignite Poison         Fire/Tmut/Pois 22%        N/A       6%          3
b - Poisonous Vapours     Pois/Air       50%        N/A       2%          2
c - Mephitic Cloud        Conj/Pois/Air  24%        N/A       5%          3
d - Olgreb's Toxic Radia  Pois           29%        N/A       11%         4

Your spell library contained the following spells:

 Spells                   Type           Power      Damage    Failure   Level
 Sting                    Tmut/Pois      80%        1d7       2%          1
 Slow                     Hex            24%        N/A       9%          1
 Vhi's Electric Charge    Tloc/Air       26%        N/A       14%         3
 Sticky Flame             Conj/Fire      24%        2d5       17%         4
 Confusing Touch          Hex            6%         N/A       26%         3
 Vampiric Draining        Necr           6%         2d6       26%         3
 Arcjolt                  Conj/Air       11%        1d21      52%         5
 Plasma Beam              Fire/Air       11%        2x1d22    96%         6
 Ignition                 Fire           13%        3d6       100%        8


Dungeon Overview and Level Annotations

Branches:
Dungeon (6/15)
 Temple: D:4-7

Altars:
Ashenzari
Dithmenos
Elyvilon
Kikubaaqudgha
Qazlal
Ru

Shops:
D:3 (

Portals:
Sewer: D:6


Message History

The kobold brigand freezes you. The sleepcap releases spores at you.
You are engulfed in a cloud of soporific spores!
You fall asleep.
The hound bites you!
You wake up.
Something closely misses you.
There is a glowing drain, spattered with blood here.
Things that are here:
a +0 short sword; a worm corpse Unknown command.
Unknown command.
You feel much better. The hound barely misses you.
The sleepcap splashes around in the water.
The kobold brigand hits you with a +4 whip of freezing!
The kobold brigand freezes you. The hound barely misses you.
Something hits you but does no damage.
You closely miss the scorpion.
The scorpion stings you but does no damage.
The sleepcap splashes around in the water.
The kobold brigand hits you with a +4 whip of freezing!
The kobold brigand freezes you. The hound closely misses you.
Something closely misses you. Something hits you but does no damage.
The scorpion stings you.
* * * LOW HITPOINT WARNING * * *
The sleepcap releases spores at you but does no damage.
The kobold brigand hits you with a +4 whip of freezing.
* * * LOW HITPOINT WARNING * * *
The kobold brigand freezes you.
* * * LOW HITPOINT WARNING * * *
The hound bites you.
* * * LOW HITPOINT WARNING * * *
You miss the kobold brigand. Your punch misses the kobold brigand.
Something barely misses you. The hound completely misses you.
The scorpion closely misses you. Something hits you.
* * * LOW HITPOINT WARNING * * *
The sleepcap barely misses you.
The kobold brigand splashes around in the water.
Something hits you but does no damage. The hound closely misses you.
You closely miss the hound. The scorpion misses you.
The hound splashes around in the water.
Something completely misses you.
The kobold brigand hits you with a +4 whip of freezing!
You die...

#...# ....
#####.#.###....
.......$..#..
##..#~..#.)##
#...~~~~~"..# #.#
#.#~~~~~~~#.# #.#
###.~~~{Ks~~~.## #.#
#....~{h@~~~...) #.#
#.#..~~{f~~~.... #.#
#.#.#~~~~~)~#...
#.####.#◑..~~~~))....
#.##.......#...#..#..
#<.......†...........
####.#####...........
#... ..#...##....
#..## ###...# ##


You could see a kobold brigand, a sleepcap, a scorpion and a hound.

Vanquished Creatures
  Prince Ribbit (D:6)
  A water moccasin (D:5)
  2 ice beasts (D:5)
  2 black bears
  A scorpion (D:5)
  A jelly (D:4)
  A hound (D:5)
  Jessica (D:3)
  2 orc wizards
  Robin (D:2)
  7 gnolls (D:5)
  9 adders
  2 white imps
  2 worms (D:6)
  2 dart slugs
  9 orcs
  6 bats
  5 endoplasms
  3 giant cockroaches
  11 goblins
  11 hobgoblins
  12 kobolds
  2 quokkas (D:4)
  6 ball pythons
  A frilled lizard (D:1)
  5 rats
106 creatures vanquished.

Notes
Turn   | Place    | Note
-------+----------+-------------------------------------------
     0 | D:1      | Iniera the Deep Elf Venom Mage began the quest for the Orb.
     0 | D:1      | Reached XP level 1. HP: 10/10 MP: 6/6
   539 | D:1      | Reached XP level 2. HP: 15/15 MP: 5/8
  1202 | D:2      | Learned a level 2 spell: Poisonous Vapours
  1341 | D:2      | Reached skill level 1 in Conjurations
  1426 | D:2      | Reached XP level 3. HP: 18/19 MP: 6/9
  1430 | D:2      | Learned a level 3 spell: Mephitic Cloud
  1673 | D:2      | Reached skill level 1 in Air Magic
  1928 | D:2      | Reached XP level 4. HP: 24/24 MP: 7/11
  2211 | D:3      | Noticed Robin
  2310 | D:2      | Killed Robin
  2535 | D:3      | Learned a level 4 spell: Olgreb's Toxic Radiance
  2591 | D:3      | Found Hojin's Weapon Shop.
  2664 | D:3      | Noticed Jessica
  2676 | D:3      | Killed Jessica
  3045 | D:3      | Reached XP level 5. HP: 28/28 MP: 3/12
  3194 | D:3      | Found an ancient bone altar of Kikubaaqudgha.
  3194 | D:3      | Found a stormy altar of Qazlal.
  3202 | D:3      | Found a sacrificial altar of Ru.
  3204 | D:3      | Found a broken altar of Ashenzari.
  3206 | D:3      | Found a shadowy altar of Dithmenos.
  3601 | D:4      | Noticed a black bear
  3616 | D:4      | Killed a black bear
  3617 | D:4      | Reached skill level 1 in Fire Magic
  3986 | D:4      | Found a white marble altar of Elyvilon.
  4035 | D:4      | Reached XP level 6. HP: 24/33 MP: 9/14
  4449 | D:5      | Entered Level 5 of the Dungeon
  4459 | D:5      | Noticed a water moccasin
  4461 | D:5      | Noticed an ice beast
  4518 | D:5      | Killed a water moccasin
  4519 | D:5      | Reached skill level 1 in Fighting
  4528 | D:4      | Learned a level 3 spell: Ignite Poison
  4582 | D:5      | Killed an ice beast
  4583 | D:5      | Reached XP level 7. HP: 38/38 MP: 9/16
  4676 | D:5      | Reached skill level 5 in Spellcasting
  4701 | D:5      | Reached skill level 5 in Stealth
  5113 | D:5      | Paralysed by an orc for 3 turns
  5278 | D:6      | Noticed Prince Ribbit
  5300 | D:6      | Killed Prince Ribbit
  5301 | D:6      | Reached skill level 5 in Poison Magic
  5301 | D:6      | Reached XP level 8. HP: 44/44 MP: 5/18
  5301 | D:6      | Found a glowing drain.
  5336 | D:6      | Slain by a kobold brigand

Illustrated notes

Levels and vault maps discovered:
D:1:      minmay_arrival_jagged, layout_basic
D:2:      layout_rooms
D:3:      layout_loops_ring, chequers_temple_overflow_minitemple, serial_shops,
          nicolae_diamond_shop, uniq_robin, uniq_jessica
D:4:      layout_basic, elyvilon_altar_4, nicolae_concentric_dashed_squares_mild
D:5:      layout_cave_pools
D:6:      layout_loops_ring, mainiacjoe_overflow_alcove_1,
          minmay_temple_entry_sparse_star, cheibrodos_sewer_entry_drain,
          uniq_prince_ribbit1

Skill      XL: |  1  2  3  4  5  6  7 |
---------------+----------------------+-----
Stealth        | 3 4 5 |  5.3
Conjurations   | 1 2 3 |  3.6
Air Magic      | 1 2 3 |  3.1
Dodging        | 3 |  3.1
Spellcasting   | 4 5 |  5.6
Fire Magic     | 1 2 4 |  4.3
Poison Magic   | 4 5 |  5.0
Fighting       | 1 2 |  2.1
Transmutations | |  1.1

Action                     |  1- 3 |  4- 6 |  7- 9 || total
---------------------------+-------+-------+-------++-------
  Melee: Unarmed           |    11 |    11 |       ||    22
         Falchion          |       |    29 |    67 ||    96
         Punch             |       |     2 |     1 ||     3
   Cast: Sting             |    71 |    96 |       ||   167
         Poisonous Vapours |       |    10 |     2 ||    12
         Olgreb's Toxic Ra |       |     2 |     3 ||     5
         Mephitic Cloud    |       |     1 |     4 ||     5
         Ignite Poison     |       |     1 |     1 ||     2
    Use: Scroll            |     1 |     8 |       ||     9
         Potion            |       |       |     2 ||     2
   Stab: Sleeping          |       |     1 |     3 ||     4
         Confused          |       |       |     2 ||     2
 Armour: Robe              |     8 |    20 |    35 ||    63
  Dodge: Dodged            |    42 |    94 |    94 ||   230

Table legend: (Time is in decaauts)
 A = Elapsed time spent in this place.
 B = Non-inter-level travel time spent in this place.
 C = Inter-level travel time spent in this place.
 D = Time resting spent in this place.
 E = Time spent auto-exploring this place.
 F = Levels seen in this place.
 G = Mean time per level.
                   A        B        C        D        E       F      G
               +--------+--------+--------+--------+--------+-----+--------+
         Total |   5369 |   5281 |     88 |    151 |   4326 |   6 |  894.8 |
       Dungeon |   5369 |   5281 |     88 |    151 |   4326 |   6 |  894.8 |
               +--------+--------+--------+--------+--------+-----+--------+

Top non-repeatable levels by time:
     D:4: 1276 daAuts
     D:1: 1190 daAuts
     D:2: 1075 daAuts
     D:3: 1014 daAuts
     D:5: 745 daAuts
     D:6: 68 daAuts
